 Dungeon Sprint DCSS version 0.21-a0-278-ga722497 (webtiles) character file.

2386 potatolord6000 the Comforter (level 9, -1/90 HPs)
             Began as a Deep Dwarf Fighter on Sept 21, 2017.
             Was a Follower of Elyvilon.
             Slain by a sea snake (2 damage)
             ... in the Dungeon (Sprint VII: "The Pits").
             The game lasted 00:07:34 (1021 turns).

potatolord6000 the Comforter (Deep Dwarf Fighter)   Turns: 1021, Time: 00:07:35

Health: -1/90      AC: 19    Str: 23    XL:     9   Next: 22%
Magic:  18/18      EV:  9    Int:  9    God:    Elyvilon [*.....]
Gold:   0          SH: 12    Dex: 15    Spells: 22/22 levels left

rFire    . . .     SeeInvis .   v - +1 broad axe (venom)
rCold    . . .     Gourm    .   c - +0 shield
rNeg     . . .     Faith    .   r - +3 scale mail
rPois    .         Spirit   .   s - +0 helmet
rElec    .         Reflect  .   (no cloak)
rCorr    .         Harm     .   t - +0 pair of gloves
MR       +....     NoTele   +   u - +0 pair of boots
Stlth    ..........             (no amulet)
HPRegen  0.00/turn              b - +3 ring of protection
MPRegen  0.16/turn              d - +3 ring of dexterity

@: lethally poisoned (-1 -> -23), non-regenerating
A: damage resistance, heal wounds, sense surroundings 2, no regeneration
a: Heal Wounds, Lesser Healing, Divine Protection, Renounce Religion


You were in the Dungeon.
You worshipped Elyvilon.
Elyvilon was aware of your devotion.
You were very full.

You visited 1 branch

Inventory:

Hand Weapons
 v - a +1 broad axe of venom (weapon)
Armour
 c - a +0 shield (worn)
 r - a +3 scale mail (worn)
 s - a +0 helmet (worn)
 t - a +0 pair of gloves (worn)
 u - a +0 pair of boots (worn)
Jewellery
 b - a +3 ring of protection (left hand)
 d - a +3 ring of dexterity (right hand)
Scrolls
 k - a scroll of blinking
 m - 3 scrolls of remove curse
 n - 5 scrolls of amnesia
 o - a scroll of summoning
Potions
 e - 4 potions of curing
 i - 4 potions of magic
 j - 2 potions of berserk rage
 l - 2 potions of invisibility
Comestibles
 f - 8 bread rations
 p - 40 fruits
 q - 5 meat rations


   Skills:
 + Level 8.5 Fighting
 + Level 9.7 Axes
 + Level 10.1 Armour
 + Level 10.1 Shields
 + Level 7.3 Spellcasting
 + Level 11.0 Invocations


You had 22 spell levels left.
You didn't know any spells.

Dungeon Overview and Level Annotations

Branches:
Dungeon (1/1)

Altars:
Ashenzari
Cheibriados
Dithmenos
Elyvilon
Fedhas
Gozag
Hepliaklqana
Kikubaaqudgha
Makhleb
Nemelex Xobeh
Okawaru
Qazlal
Ru
Sif Muna
Trog
Uskayaw
Vehumet
Wu Jian
Xom
Yredelemnul
Zin
The Shining One
Beogh
Jiyva
Lugonu


Innate Abilities, Weirdness & Mutations

You are resistant to damage.
You can heal yourself by infusing magical energy.
You passively map the area around you.
You do not regenerate.


Message History

The vampire mosquito bites you but does no damage. x2
The sea snake bites you but does no damage.
The vampire mosquito bites you.
The vampire mosquito draws strength from your injuries!
The manticore bites you.
* * * LOW HITPOINT WARNING * * *
The manticore claws you but does no damage.
The manticore claws you.
You slash the manticore!
The manticore is poisoned.
The manticore is heavily wounded.
You slash the vampire mosquito! You hit the vampire mosquito. x2
You closely miss the sea snake.
* * * LOW HITPOINT WARNING * * *
You feel very sick.
You block the vampire mosquito's attack. x2
The vampire mosquito bites you but does no damage.
The vampire mosquito barely misses you.
The vampire mosquito bites you but does no damage.
The sea snake bites you.
You die...

....##..#....##...# , ,
....##..'.....#...# ,*,,,
, ,
######..'.†...'...+,,, ,
######..'.....#...#, ,,
.!.[##..#....##...# , ,,
....##..#..#####.## , *
,* *
..))##..####...#'######.,
*,, ,
!.))##..##....lSyyys....
, * *,
..))##..#.....3H@yzl...#
*,, ,
########################
**


You could see a sea snake, a manticore, a komodo dragon, a smoke demon, a
jumping spider, 4 vampire mosquitoes, a flying skull and a frilled lizard.

Vanquished Creatures
  A merfolk siren (D)
  A guardian serpent (D)
  An ice devil (D)
  A demonic crawler (D)
  A tyrant leech (D)
  A snapping turtle (D)
  A small abomination (D)
  A hungry ghost (D)
  A floating eye (D)
  An ice beast (D)
  An eye of draining (D)
  A centaur (D)
  A big kobold (D)
  2 bullfrogs (D)
  A worker ant (D)
  2 adders (D)
  A leopard gecko (D)
  2 goblins (D)
  5 jackals (D)
  4 bats (D)
  2 frilled lizards (D)
  A kobold (D)
  2 rats (D)
35 creatures vanquished.

Notes
Turn   | Place    | Note
-------+----------+-------------------------------------------
     0 | D        | potatolord6000 the Deep Dwarf Fighter began the quest for the Orb.
     0 | D        | Reached XP level 1. HP: 20/20 MP: 1/1
    15 | D        | Reached skill level 1 in Spellcasting
    46 | D        | Found a bloodstained altar of Trog.
    46 | D        | Found a deep blue altar of Sif Muna.
    46 | D        | Found a viscous altar of Jiyva.
    46 | D        | Found a hazy altar of Hepliaklqana.
    46 | D        | Found an opulent altar of Gozag.
    47 | D        | Found a glowing golden altar of the Shining One.
    47 | D        | Found a glowing silver altar of Zin.
    47 | D        | Found a basalt altar of Yredelemnul.
    47 | D        | Found a shimmering altar of Xom.
    47 | D        | Found an ornate altar of the Wu Jian Council.
    47 | D        | Found a sacrificial altar of Ru.
    47 | D        | Found a stormy altar of Qazlal.
    47 | D        | Found an iron altar of Okawaru.
    47 | D        | Found a sparkling altar of Nemelex Xobeh.
    47 | D        | Found a burning altar of Makhleb.
    47 | D        | Found a blossoming altar of Fedhas.
    47 | D        | Found a white marble altar of Elyvilon.
    47 | D        | Found a shadowy altar of Dithmenos.
    47 | D        | Found a snail-covered altar of Cheibriados.
    50 | D        | Found a corrupted altar of Lugonu.
    50 | D        | Found a radiant altar of Vehumet.
    50 | D        | Found a roughly hewn altar of Beogh.
    52 | D        | Found a shattered altar of Ashenzari.
    52 | D        | Found an ancient bone altar of Kikubaaqudgha.
    52 | D        | Found a hide-covered altar of Uskayaw.
    64 | D        | Became a worshipper of Elyvilon the Healer
    80 | D        | Noticed a floating eye
    82 | D        | Paralysed by a floating eye for 2 turns
    85 | D        | Paralysed by a floating eye for 4 turns
    92 | D        | Killed a floating eye
    92 | D        | Reached skill level 5 in Armour
    92 | D        | Reached skill level 5 in Shields
    92 | D        | Reached skill level 4 in Invocations
    92 | D        | Reached XP level 2. HP: 30/30 MP: 2/5
    92 | D        | Reached XP level 3. HP: 36/36 MP: 2/7
    92 | D        | Reached XP level 4. HP: 44/44 MP: 2/8
   278 | D        | Noticed a bullfrog
   288 | D        | Killed a bullfrog
   288 | D        | Reached skill level 5 in Axes
   288 | D        | Reached skill level 5 in Invocations
   288 | D        | Reached XP level 5. HP: 42/51 MP: 8/10
   316 | D        | Noticed a centaur
   319 | D        | Reached skill level 5 in Fighting
   319 | D        | Reached skill level 6 in Invocations
   327 | D        | Reached XP level 6. HP: 50/61 MP: 12/12
   337 | D        | Reached skill level 7 in Invocations
   565 | D        | Noticed an ice devil
   582 | D        | Killed an ice devil
   582 | D        | Reached skill level 5 in Spellcasting
   582 | D        | Reached skill level 8 in Invocations
   582 | D        | Reached XP level 7. HP: 48/70 MP: 11/13
   586 | D        | Noticed a hungry ghost
   598 | D        | Killed a hungry ghost
   615 | D        | Noticed a merfolk siren
   615 | D        | Noticed a small abomination
   625 | D        | Killed a small abomination
   625 | D        | Reached skill level 9 in Invocations
   644 | D        | Killed a merfolk siren
   644 | D        | Reached XP level 8. HP: 54/80 MP: 14/16
   872 | D        | Reached * piety under Elyvilon
   882 | D        | Noticed a snapping turtle
   897 | D        | Killed a snapping turtle
   897 | D        | Reached skill level 10 in Invocations
   914 | D        | Noticed a demonic crawler
   915 | D        | Noticed a guardian serpent
   922 | D        | Noticed a tyrant leech
   930 | D        | Killed a guardian serpent
   930 | D        | Killed a demonic crawler
   930 | D        | Gained mutation: You passively map the area around you. [Deep Dwarf growth]
   930 | D        | Reached XP level 9. HP: 33/88 MP: 0/17
   930 | D        | Reached skill level 10 in Shields
   939 | D        | Killed a tyrant leech
   939 | D        | Reached skill level 10 in Armour
   939 | D        | Reached skill level 11 in Invocations
  1007 | D        | Noticed a jumping spider
  1008 | D        | Noticed a smoke demon
  1008 | D        | Noticed a manticore
  1008 | D        | Noticed a sea snake
  1010 | D        | Noticed a komodo dragon
  1013 | D        | HP: 3/90 [sea snake (12)]
  1021 | D        | HP: 1/90 [poisoned by a sea snake]
  1021 | D        | Slain by a sea snake

Vault maps used:
D:        pitsprint

Skill      XL: |  1  2  3  4  5  6  7  8  9 |
---------------+----------------------------+-----
Spellcasting   | 2 3 4 5 6 7 |  7.3
Fighting       | 4 5 6 7 8 |  8.5
Axes           | 4 5 6 7 8 9 |  9.7
Armour         | 5 6 7 8 9 10 | 10.1
Shields        | 5 6 7 8 9 10 | 10.1
Invocations    | 4 5 6 8 9 10 11 | 11.0

Action                   |  1- 3 |  4- 6 |  7- 9 || total
-------------------------+-------+-------+-------++-------
Melee: War axe           |    12 |   106 |    42 ||   160
       Broad axe         |       |       |    29 ||    29
Invok: Lesser Healing    |       |       |     3 ||     3
 Abil: Heal Wounds       |       |     1 |     4 ||     5
  Use: Potion            |       |     2 |    19 ||    21
  Eat: Meat ration       |       |       |     2 ||     2
Armor: Scale mail        |    10 |    78 |   116 ||   204
Dodge: Dodged            |     4 |    35 |    76 ||   115
Block: Shield            |     7 |    73 |    89 ||   169

Table legend:
 A = Spawn XP
 B = Non-spawn XP
 C = Spawn XP percentage of total XP
 D = Spawn monster count
 E = Non-spawn monster count
 F = Spawn count percentage of total count
 G = Total turns spent on level
                    A         B        C        D         E        F      G
               +---------+---------+-------+---------+---------+-------+---------
         Total |       0 |    3409 |   0.0 |       0 |      35 |   0.0 |  1021
               +---------+---------+-------+---------+---------+-------+---------
             D |       0 |    3409 |   0.0 |       0 |      35 |   0.0 |  1021
               +---------+---------+-------+---------+---------+-------+---------
